Lightning vs Capitals

Created - January 24 2007 at 21:42

Goals
1 2 3 T
Lightning 2 2 0 4
Capitals 4 2 0 6
Shots
1 2 3 T
Lightning 8 10 8 26
Capitals 18 14 9 41

Period #1

1. Capitals , Richard Zednik 4 (Adrian Aucoin) at 7:15
2. Capitals , Patrik Stefan 11 (Rene Bourque, Shaone Morrisonn) at 9:26
3. Lightning , Tom Poti 2 (Ryan Craig, Eric Daze) at 10:40
4. Capitals , Bryan Muir 5 (Steve Eminger, Chris Clark) at 10:52
5. Lightning , Brad Richards 6 (Vincent Lecavalier, Martin St-Louis) at 12:17 (PP)
6. Capitals , Andrew Cassels 7 (Richard Zednik, Bryan Muir) at 17:38

Penalities :
Ruslan Fedotenko (TBL) for Hooking (Minor) at 0:55, Dainius Zubrus (WSH) for High sticking (Minor) at 4:54, Ben Clymer (WSH) for High sticking (Minor) at 11:19, Tom Poti (TBL) for Interference (Minor) at 12:54, Tom Poti (TBL) for Charging (Minor) at 15:28, Trent Hunter (WSH) for Charging (Minor) at 18:49

Period #2

7. Lightning , Eric Daze 11 (Filip Kuba) at 5:03
8. Lightning , Ryan Craig 8 (Tom Poti) at 10:31
9. Capitals , Patrik Stefan 12 (Trent Hunter, Ben Clymer) at 11:22
10. Capitals , Alexander Ovechkin 18 (Dainius Zubrus) at 17:31

Penalities :
Trent Hunter (WSH) for Charging (Double Minor) at 0:54, Vincent Lecavalier (TBL) for High sticking (Minor) at 8:13

Period #3

No Goal

Penalities :
Brian Pothier (WSH) for Checking from behind (Major) at 0:42, Vaclav Prospal (TBL) for Clipping (Minor) at 7:52, Trent Hunter (WSH) for Clipping (Minor) at 10:21, Vincent Lecavalier (TBL) for Charging (Minor) at 18:29

Goalie Stats

Nikolai Khabibulin (TBL), 14 saves from 18 shots - (0.778), 17:38 minutes
Marc Denis (TBL), 21 saves from 23 shots - (0.913), L, 14-4-3, 42:22 minutes
Olaf Kolzig (WSH), 22 saves from 26 shots - (0.846), W, 10-3-1, 60:00 minutes

Players Stats

Lightning
Player Name              G  A  P  +/- PIM S  H  SB FO MP 
-----------------------------------------------------------
Brad Richards            1  0  1   0  0   4  0  1  0  22 
Dan Boyle                0  0  0   0  0   0  1  0  0  26 
Dmitry Afanasenkov       0  0  0  -2  0   2  0  0  0  14 
Ed Jovanovski            0  0  0  -2  0   1  1  0  0  21 
Eric Daze                1  1  2  -1  0   1  0  0  2  13 
Filip Kuba               0  1  1   0  0   2  2  2  0  25 
Martin Cibak             0  0  0   0  0   0  0  0  0  3  
Martin St-Louis          0  1  1   1  0   0  1  0  2  25 
Mike Modano              0  0  0  -2  0   3  0  1  39 23 
Nolan Pratt              0  0  0  -1  0   1  1  0  0  20 
Paul Ranger              0  0  0  -2  0   0  0  1  0  18 
Rob DiMaio               0  0  0   0  0   0  0  0  0  3  
Ruslan Fedotenko         0  0  0  -2  2   3  0  0  0  18 
Ryan Craig               1  1  2  -1  0   3  2  0  21 14 
Tim Taylor               0  0  0   0  0   0  0  0  0  3  
Tom Poti                 1  1  2  -1  4   2  0  1  0  14 
Vaclav Prospal           0  0  0  -2  2   0  0  0  7  23 
Vincent Lecavalier       0  1  1   0  4   4  1  0  29 23 
Capitals
Player Name              G  A  P  +/- PIM S  H  SB FO MP 
-----------------------------------------------------------
Adrian Aucoin            0  1  1   0  0   0  2  1  0  24 
Alexander Ovechkin       1  0  1   2  0   8  1  0  1  26 
Andrew Cassels           1  0  1   0  0   1  0  0  17 13 
Ben Clymer               0  1  1   1  2   0  1  1  0  20 
Brian Pothier            0  0  0   1  5   0  1  1  0  21 
Brian Sutherby           0  0  0   0  0   3  0  0  9  7  
Brooks Laich             0  0  0   0  0   0  1  1  1  16 
Bryan Muir               1  1  2   2  0   1  1  0  0  12 
Chris Clark              0  1  1   0  0   3  2  0  2  24 
Dainius Zubrus           0  1  1   2  2   6  0  0  39 24 
Ivan Majesky             0  0  0   0  0   0  0  0  0  8  
Matt Pettinger           0  0  0   0  0   0  0  0  0  1  
Patrik Stefan            2  0  2   1  0   9  0  0  28 23 
Rene Bourque             0  1  1   1  0   2  0  0  1  11 
Richard Zednik           1  1  2   3  0   2  1  0  0  5  
Shaone Morrisonn         0  1  1   1  0   1  0  4  0  25 
Steve Eminger            0  1  1   1  0   1  0  3  0  17 
Trent Hunter             0  1  1   0  8   4  2  0  2  25 

3 Stars

1 - Richard Zednik (WSH)
2 - Patrik Stefan (WSH)
3 - Bryan Muir (WSH)

Power Play

Lightning - 1 on 6 Attempt(s) - 16.67%
Capitals - 0 on 6 Attempt(s) - 0.00%

Penalty Kill

Lightning - 6 on 6 Attempt(s) - 100.00% - Score 0 goal in Penalty Kill
Capitals - 5 on 6 Attempt(s) - 83.33% - Score 0 goal in Penalty Kill

Game Notes

Marc Denis enters game at 17:38 of 1st period

Finance

Level 1 -- Attendance: 4386 (67.48%) -- Ticket Income $438,600.00
Level 2 -- Attendance: 4058 (73.78%) -- Ticket Income $243,480.00
Level 3 -- Attendance: 2228 (89.11%) -- Ticket Income $77,980.00
Level 4 -- Attendance: 4115 (91.45%) -- Ticket Income $82,300.00
Luxury Box -- Attendance: 938 (93.79%) -- Ticket Income $187,600.00
Game was played at the MCI Center
Total Attendance: 15725 (78.63%)
Total Ticket Income: $1,110,474.00
Other Expense: $74,416.80
Total Income: $1,036,057.00


Play by Play

Period #1

0:01 of 1st period - Vincent Lecavalier wins face-off versus Dainius Zubrus in neutral zone.
0:30 of 1st period - Shot by Brad Richards.
0:30 of 1st period - Stopped by Olaf Kolzig without a rebound.
0:31 of 1st period - Mike Modano wins face-off versus Patrik Stefan in Capitals zone.
0:55 of 1st period - Minor Penalty to Ruslan Fedotenko for Hooking.
0:56 of 1st period - Brian Sutherby wins face-off versus Mike Modano in Lightning zone.
1:05 of 1st period - Shot by Chris Clark.
1:05 of 1st period - Shot Misses the Net.
1:26 of 1st period - Shot by Alexander Ovechkin.
1:26 of 1st period - Shot Misses the Net.
1:29 of 1st period - Shot by Brian Sutherby.
1:29 of 1st period - Stopped by Nikolai Khabibulin without a rebound.
1:30 of 1st period - Mike Modano wins face-off versus Dainius Zubrus in Lightning zone.
1:55 of 1st period - Shot by Adrian Aucoin.
1:55 of 1st period - Stopped by Nikolai Khabibulin without a rebound.
1:56 of 1st period - Dainius Zubrus wins face-off versus Vaclav Prospal in Lightning zone.
2:01 of 1st period - Shot by Patrik Stefan.
2:01 of 1st period - Stopped by Nikolai Khabibulin without a rebound.
2:02 of 1st period - Brian Sutherby wins face-off versus Mike Modano in Lightning zone.
2:19 of 1st period - Shot by Chris Clark.
2:19 of 1st period - Stopped by Nikolai Khabibulin without a rebound.
2:20 of 1st period - Vaclav Prospal wins face-off versus Trent Hunter in Lightning zone.
2:38 of 1st period - Icing by Brian Pothier.
2:39 of 1st period - Dainius Zubrus wins face-off versus Vaclav Prospal in Capitals zone.
3:16 of 1st period - Shot by Dmitry Afanasenkov.
3:16 of 1st period - Shot Blocked by Ben Clymer.
3:17 of 1st period - Shot by Ryan Craig.
3:17 of 1st period - Shot Hit the Post.
3:20 of 1st period - Shot by Ryan Craig.
3:20 of 1st period - Stopped by Olaf Kolzig without a rebound.
3:21 of 1st period - Vincent Lecavalier wins face-off versus Andrew Cassels in Capitals zone.
3:52 of 1st period - Shot by Vincent Lecavalier.
3:52 of 1st period - Stopped by Olaf Kolzig without a rebound.
3:53 of 1st period - Dainius Zubrus wins face-off versus Mike Modano in Capitals zone.
4:10 of 1st period - Shot by Alexander Ovechkin.
4:10 of 1st period - Stopped by Nikolai Khabibulin with a rebound.
4:13 of 1st period - Shot by Alexander Ovechkin.
4:13 of 1st period - Stopped by Nikolai Khabibulin without a rebound.
4:14 of 1st period - Patrik Stefan wins face-off versus Ryan Craig in Lightning zone.
4:29 of 1st period - Shot by Rene Bourque.
4:29 of 1st period - Stopped by Nikolai Khabibulin without a rebound.
4:30 of 1st period - Vincent Lecavalier wins face-off versus Dainius Zubrus in Lightning zone.
4:54 of 1st period - Minor Penalty to Dainius Zubrus for High sticking.
4:55 of 1st period - Mike Modano wins face-off versus Patrik Stefan in Lightning zone.
5:01 of 1st period - Mike Modano is hit by Adrian Aucoin and loses puck.
5:47 of 1st period - Shot by Vincent Lecavalier.
5:47 of 1st period - Shot Blocked by Brooks Laich.
6:00 of 1st period - Shot by Filip Kuba.
6:00 of 1st period - Shot Blocked by Shaone Morrisonn.
6:41 of 1st period - Shot by Ruslan Fedotenko.
6:41 of 1st period - Shot Blocked by Shaone Morrisonn.
6:42 of 1st period - Shot by Ruslan Fedotenko.
6:42 of 1st period - Shot Misses the Net.
6:47 of 1st period - Shot by Mike Modano.
6:47 of 1st period - Shot Blocked by Shaone Morrisonn.
6:52 of 1st period - Shot by Mike Modano.
6:52 of 1st period - Shot Misses the Net.
6:56 of 1st period - Icing by Brian Pothier.
6:57 of 1st period - Andrew Cassels wins face-off versus Ryan Craig in Capitals zone.
7:01 of 1st period - Off-side.
7:02 of 1st period - Ryan Craig wins face-off versus Dainius Zubrus in neutral zone.
7:15 of 1st period - Shot by Richard Zednik.
7:15 of 1st period - Goal by Richard Zednik.
7:16 of 1st period - Patrik Stefan wins face-off versus Vincent Lecavalier in neutral zone.
7:19 of 1st period - Shot by Rene Bourque.
7:19 of 1st period - Shot Misses the Net.
7:42 of 1st period - Shot by Trent Hunter.
7:42 of 1st period - Shot Misses the Net.
7:44 of 1st period - Icing by Vincent Lecavalier.
7:45 of 1st period - Vincent Lecavalier wins face-off versus Andrew Cassels in Lightning zone.
9:26 of 1st period - Shot by Patrik Stefan.
9:26 of 1st period - Goal by Patrik Stefan.
9:27 of 1st period - Vincent Lecavalier wins face-off versus Rene Bourque in neutral zone.
9:33 of 1st period - Icing by Patrik Stefan.
9:34 of 1st period - Vincent Lecavalier wins face-off versus Patrik Stefan in Capitals zone.
9:47 of 1st period - Shot by Chris Clark.
9:47 of 1st period - Shot Blocked by Filip Kuba.
9:48 of 1st period - Shot by Shaone Morrisonn.
9:48 of 1st period - Shot Misses the Net.
9:52 of 1st period - Icing by Dan Boyle.
9:53 of 1st period - Vincent Lecavalier wins face-off versus Andrew Cassels in Lightning zone.
9:57 of 1st period - Brad Richards is hit by Brian Pothier and loses puck.
10:39 of 1st period - Shot by Ryan Craig.
10:39 of 1st period - Shot Misses the Net.
10:40 of 1st period - Shot by Tom Poti.
10:40 of 1st period - Goal by Tom Poti.
10:41 of 1st period - Dainius Zubrus wins face-off versus Mike Modano in neutral zone.
10:50 of 1st period - Shot by Chris Clark.
10:50 of 1st period - Shot Misses the Net.
10:51 of 1st period - Shot by Steve Eminger.
10:51 of 1st period - Shot Misses the Net.
10:52 of 1st period - Shot by Bryan Muir.
10:52 of 1st period - Goal by Bryan Muir.
10:53 of 1st period - Mike Modano wins face-off versus Patrik Stefan in neutral zone.
11:19 of 1st period - Minor Penalty to Ben Clymer for High sticking.
11:20 of 1st period - Dainius Zubrus wins face-off versus Vincent Lecavalier in Capitals zone.
11:37 of 1st period - Shot by Vincent Lecavalier.
11:37 of 1st period - Stopped by Olaf Kolzig without a rebound.
11:38 of 1st period - Mike Modano wins face-off versus Dainius Zubrus in Capitals zone.
11:47 of 1st period - Shot by Mike Modano.
11:47 of 1st period - Stopped by Olaf Kolzig without a rebound.
11:48 of 1st period - Patrik Stefan wins face-off versus Vincent Lecavalier in Capitals zone.
12:17 of 1st period - Shot by Vincent Lecavalier.
12:17 of 1st period - Goal by Brad Richards.
12:18 of 1st period - Andrew Cassels wins face-off versus Eric Daze in neutral zone.
12:54 of 1st period - Minor Penalty to Tom Poti for Interference.
12:55 of 1st period - Mike Modano wins face-off versus Brian Sutherby in neutral zone.
13:47 of 1st period - Icing by Adrian Aucoin.
13:48 of 1st period - Vaclav Prospal wins face-off versus Dainius Zubrus in Capitals zone.
14:45 of 1st period - Shot by Brian Sutherby.
14:45 of 1st period - Stopped by Nikolai Khabibulin without a rebound.
14:46 of 1st period - Dainius Zubrus wins face-off versus Mike Modano in Lightning zone.
15:01 of 1st period - Shot by Trent Hunter.
15:01 of 1st period - Stopped by Nikolai Khabibulin without a rebound.
15:02 of 1st period - Patrik Stefan wins face-off versus Ryan Craig in Lightning zone.
15:28 of 1st period - Minor Penalty to Tom Poti for Charging.
15:29 of 1st period - Mike Modano wins face-off versus Dainius Zubrus in Capitals zone.
15:54 of 1st period - Shot by Dainius Zubrus.
15:54 of 1st period - Stopped by Nikolai Khabibulin without a rebound.
15:55 of 1st period - Brian Sutherby wins face-off versus Vaclav Prospal in Lightning zone.
16:18 of 1st period - Shot by Brian Sutherby.
16:18 of 1st period - Stopped by Nikolai Khabibulin without a rebound.
16:19 of 1st period - Dainius Zubrus wins face-off versus Mike Modano in Lightning zone.
16:22 of 1st period - Shot by Patrik Stefan.
16:22 of 1st period - Shot Misses the Net.
16:29 of 1st period - Shot by Dainius Zubrus.
16:29 of 1st period - Stopped by Nikolai Khabibulin with a rebound.
16:32 of 1st period - Shot by Dainius Zubrus.
16:32 of 1st period - Stopped by Nikolai Khabibulin without a rebound.
16:33 of 1st period - Brian Sutherby wins face-off versus Martin St-Louis in Lightning zone.
17:34 of 1st period - Shot by Richard Zednik.
17:34 of 1st period - Stopped by Nikolai Khabibulin with a rebound.
17:35 of 1st period - Shot by Bryan Muir.
17:35 of 1st period - Shot Misses the Net.
17:38 of 1st period - Shot by Richard Zednik.
17:38 of 1st period - Goal by Andrew Cassels.
17:38 of 1st period - Marc Denis enters game.
17:39 of 1st period - Mike Modano wins face-off versus Dainius Zubrus in neutral zone.
17:42 of 1st period - Shot by Mike Modano.
17:42 of 1st period - Shot Misses the Net.
17:43 of 1st period - Shot by Ed Jovanovski.
17:43 of 1st period - Stopped by Olaf Kolzig with a rebound.
18:21 of 1st period - Off-side.
18:22 of 1st period - Vincent Lecavalier wins face-off versus Patrik Stefan in neutral zone.
18:45 of 1st period - Shot by Patrik Stefan.
18:45 of 1st period - Shot Misses the Net.
18:46 of 1st period - Shot by Shaone Morrisonn.
18:46 of 1st period - Shot Misses the Net.
18:47 of 1st period - Shot by Trent Hunter.
18:47 of 1st period - Shot Misses the Net.
18:49 of 1st period - Minor Penalty to Trent Hunter for Charging.
18:50 of 1st period - Patrik Stefan wins face-off versus Mike Modano in Lightning zone.
19:01 of 1st period - Shot by Mike Modano.
19:01 of 1st period - Shot Misses the Net.
19:02 of 1st period - Shot by Nolan Pratt.
19:02 of 1st period - Shot Misses the Net.
19:14 of 1st period - Off-side.
19:15 of 1st period - Vincent Lecavalier wins face-off versus Alexander Ovechkin in neutral zone.

Period #2

0:01 of 2nd period - Dainius Zubrus wins face-off versus Vincent Lecavalier in neutral zone.
0:26 of 2nd period - Shot by Brad Richards.
0:26 of 2nd period - Shot Misses the Net.
0:54 of 2nd period - Double Minor Penalty to Trent Hunter for Charging.
0:55 of 2nd period - Chris Clark wins face-off versus Mike Modano in Capitals zone.
1:51 of 2nd period - Icing by Dan Boyle.
1:52 of 2nd period - Vincent Lecavalier wins face-off versus Patrik Stefan in Lightning zone.
5:03 of 2nd period - Shot by Eric Daze.
5:03 of 2nd period - Goal by Eric Daze.
5:04 of 2nd period - Ryan Craig wins face-off versus Andrew Cassels in neutral zone.
5:12 of 2nd period - Brian Pothier is hit by Ryan Craig and loses puck.
6:09 of 2nd period - Icing by Filip Kuba.
6:10 of 2nd period - Patrik Stefan wins face-off versus Vincent Lecavalier in Lightning zone.
6:15 of 2nd period - Shot by Rene Bourque.
6:15 of 2nd period - Shot Hit the Post.
6:18 of 2nd period - Shot by Patrik Stefan.
6:18 of 2nd period - Shot Misses the Net.
6:19 of 2nd period - Shot by Shaone Morrisonn.
6:19 of 2nd period - Shot Misses the Net.
6:20 of 2nd period - Shot by Shaone Morrisonn.
6:20 of 2nd period - Shot Misses the Net.
6:21 of 2nd period - Shot by Shaone Morrisonn.
6:21 of 2nd period - Shot Misses the Net.
6:27 of 2nd period - Icing by Martin St-Louis.
6:28 of 2nd period - Vincent Lecavalier wins face-off versus Dainius Zubrus in Lightning zone.
6:30 of 2nd period - Brad Richards is hit by Chris Clark and loses puck.
6:36 of 2nd period - Shot by Alexander Ovechkin.
6:36 of 2nd period - Stopped by Marc Denis without a rebound.
6:37 of 2nd period - Patrik Stefan wins face-off versus Mike Modano in Lightning zone.
6:40 of 2nd period - Shot by Rene Bourque.
6:40 of 2nd period - Shot Blocked by Mike Modano.
6:43 of 2nd period - Shot by Rene Bourque.
6:43 of 2nd period - Stopped by Marc Denis without a rebound.
6:44 of 2nd period - Mike Modano wins face-off versus Dainius Zubrus in Lightning zone.
6:57 of 2nd period - Shot by Dainius Zubrus.
6:57 of 2nd period - Shot Blocked by Paul Ranger.
6:58 of 2nd period - Shot by Steve Eminger.
6:58 of 2nd period - Stopped by Marc Denis without a rebound.
6:59 of 2nd period - Eric Daze wins face-off versus Patrik Stefan in Lightning zone.
7:35 of 2nd period - Patrik Stefan is hit by Nolan Pratt and loses puck.
7:44 of 2nd period - Off-side.
7:45 of 2nd period - Dainius Zubrus wins face-off versus Mike Modano in neutral zone.
7:50 of 2nd period - Shot by Chris Clark.
7:50 of 2nd period - Shot Misses the Net.
7:53 of 2nd period - Shot by Alexander Ovechkin.
7:53 of 2nd period - Stopped by Marc Denis without a rebound.
7:54 of 2nd period - Vincent Lecavalier wins face-off versus Dainius Zubrus in Lightning zone.
8:13 of 2nd period - Shot by Alexander Ovechkin.
8:13 of 2nd period - Shot Misses the Net.
8:13 of 2nd period - Minor Penalty to Vincent Lecavalier for High sticking.
8:14 of 2nd period - Brian Sutherby wins face-off versus Vaclav Prospal in Lightning zone.
8:47 of 2nd period - Shot by Chris Clark.
8:47 of 2nd period - Shot Misses the Net.
8:50 of 2nd period - Shot by Chris Clark.
8:50 of 2nd period - Stopped by Marc Denis without a rebound.
8:51 of 2nd period - Dainius Zubrus wins face-off versus Vaclav Prospal in Lightning zone.
9:04 of 2nd period - Shot by Dainius Zubrus.
9:04 of 2nd period - Stopped by Marc Denis without a rebound.
9:05 of 2nd period - Mike Modano wins face-off versus Dainius Zubrus in Lightning zone.
9:30 of 2nd period - Shot by Alexander Ovechkin.
9:30 of 2nd period - Shot Blocked by Filip Kuba.
9:55 of 2nd period - Shot by Brian Sutherby.
9:55 of 2nd period - Stopped by Marc Denis without a rebound.
9:56 of 2nd period - Mike Modano wins face-off versus Brian Sutherby in Lightning zone.
10:31 of 2nd period - Shot by Ryan Craig.
10:31 of 2nd period - Goal by Ryan Craig.
10:32 of 2nd period - Mike Modano wins face-off versus Dainius Zubrus in neutral zone.
11:21 of 2nd period - Shot by Trent Hunter.
11:21 of 2nd period - Shot Misses the Net.
11:22 of 2nd period - Shot by Patrik Stefan.
11:22 of 2nd period - Goal by Patrik Stefan.
11:23 of 2nd period - Andrew Cassels wins face-off versus Vincent Lecavalier in neutral zone.
11:46 of 2nd period - Shot by Patrik Stefan.
11:46 of 2nd period - Stopped by Marc Denis with a rebound.
11:47 of 2nd period - Shot by Adrian Aucoin.
11:47 of 2nd period - Shot Blocked by Brad Richards.
11:50 of 2nd period - Shot by Andrew Cassels.
11:50 of 2nd period - Shot Misses the Net.
11:53 of 2nd period - Shot by Patrik Stefan.
11:53 of 2nd period - Shot Misses the Net.
11:54 of 2nd period - Shot by Brian Pothier.
11:54 of 2nd period - Shot Misses the Net.
12:00 of 2nd period - Icing by Martin St-Louis.
12:01 of 2nd period - Vincent Lecavalier wins face-off versus Dainius Zubrus in Lightning zone.
12:18 of 2nd period - Shot by Ryan Craig.
12:18 of 2nd period - Shot Blocked by Steve Eminger.
12:19 of 2nd period - Shot by Ryan Craig.
12:19 of 2nd period - Shot Misses the Net.
12:20 of 2nd period - Shot by Ryan Craig.
12:20 of 2nd period - Stopped by Olaf Kolzig with a rebound.
12:23 of 2nd period - Shot by Eric Daze.
12:23 of 2nd period - Shot Blocked by Steve Eminger.
12:34 of 2nd period - Shot by Eric Daze.
12:34 of 2nd period - Shot Blocked by Steve Eminger.
12:35 of 2nd period - Shot by Dmitry Afanasenkov.
12:35 of 2nd period - Stopped by Olaf Kolzig with a rebound.
12:36 of 2nd period - Shot by Tom Poti.
12:36 of 2nd period - Stopped by Olaf Kolzig without a rebound.
12:37 of 2nd period - Mike Modano wins face-off versus Patrik Stefan in Capitals zone.
12:43 of 2nd period - Vaclav Prospal is hit by Trent Hunter and loses puck.
12:59 of 2nd period - Shot by Mike Modano.
12:59 of 2nd period - Stopped by Olaf Kolzig without a rebound.
13:00 of 2nd period - Andrew Cassels wins face-off versus Ryan Craig in Capitals zone.
13:51 of 2nd period - Shot by Vincent Lecavalier.
13:51 of 2nd period - Shot Misses the Net.
13:54 of 2nd period - Shot by Brad Richards.
13:54 of 2nd period - Stopped by Olaf Kolzig with a rebound.
13:57 of 2nd period - Shot by Martin St-Louis.
13:57 of 2nd period - Shot Misses the Net.
14:00 of 2nd period - Shot by Martin St-Louis.
14:00 of 2nd period - Shot Blocked by Brian Pothier.
14:03 of 2nd period - Shot by Vincent Lecavalier.
14:03 of 2nd period - Shot Misses the Net.
14:36 of 2nd period - Shot by Dainius Zubrus.
14:36 of 2nd period - Stopped by Marc Denis without a rebound.
14:37 of 2nd period - Mike Modano wins face-off versus Dainius Zubrus in Lightning zone.
14:43 of 2nd period - Mike Modano is hit by Alexander Ovechkin and loses puck.
14:46 of 2nd period - Icing by Steve Eminger.
14:47 of 2nd period - Dainius Zubrus wins face-off versus Mike Modano in Capitals zone.
15:00 of 2nd period - Shot by Dainius Zubrus.
15:00 of 2nd period - Stopped by Marc Denis without a rebound.
15:01 of 2nd period - Ryan Craig wins face-off versus Patrik Stefan in Lightning zone.
15:07 of 2nd period - Ryan Craig is hit by Chris Clark and loses puck.
15:13 of 2nd period - Shot by Ryan Craig.
15:13 of 2nd period - Shot Misses the Net.
15:22 of 2nd period - Shot by Patrik Stefan.
15:22 of 2nd period - Stopped by Marc Denis without a rebound.
15:23 of 2nd period - Mike Modano wins face-off versus Dainius Zubrus in Lightning zone.
15:40 of 2nd period - Shot by Patrik Stefan.
15:40 of 2nd period - Stopped by Marc Denis without a rebound.
15:41 of 2nd period - Vincent Lecavalier wins face-off versus Patrik Stefan in Lightning zone.
15:41 of 2nd period - Dan Boyle is hit by Ben Clymer and loses puck.
16:44 of 2nd period - Paul Ranger is hit by Richard Zednik and loses puck.
17:29 of 2nd period - Icing by Paul Ranger.
17:30 of 2nd period - Dainius Zubrus wins face-off versus Mike Modano in Lightning zone.
17:31 of 2nd period - Shot by Alexander Ovechkin.
17:31 of 2nd period - Goal by Alexander Ovechkin.
17:32 of 2nd period - Andrew Cassels wins face-off versus Ryan Craig in neutral zone.
17:48 of 2nd period - Icing by Nolan Pratt.
17:49 of 2nd period - Ryan Craig wins face-off versus Chris Clark in Lightning zone.
18:01 of 2nd period - Off-side.
18:02 of 2nd period - Patrik Stefan wins face-off versus Vincent Lecavalier in neutral zone.
18:59 of 2nd period - Shot by Mike Modano.
18:59 of 2nd period - Stopped by Olaf Kolzig without a rebound.
19:00 of 2nd period - Ryan Craig wins face-off versus Andrew Cassels in Capitals zone.
19:06 of 2nd period - Dmitry Afanasenkov is hit by Brooks Laich and loses puck.
19:08 of 2nd period - Shot by Nolan Pratt.
19:08 of 2nd period - Stopped by Olaf Kolzig without a rebound.
19:09 of 2nd period - Mike Modano wins face-off versus Dainius Zubrus in Capitals zone.
19:14 of 2nd period - Shot by Vaclav Prospal.
19:14 of 2nd period - Shot Misses the Net.
19:17 of 2nd period - Shot by Mike Modano.
19:17 of 2nd period - Stopped by Olaf Kolzig without a rebound.
19:18 of 2nd period - Ryan Craig wins face-off versus Andrew Cassels in Capitals zone.

Period #3

0:01 of 3rd period - Dainius Zubrus wins face-off versus Vincent Lecavalier in neutral zone.
0:01 of 3rd period - Richard Zednik is hit by Filip Kuba and loses puck.
0:14 of 3rd period - Dainius Zubrus is hit by Vincent Lecavalier and loses puck.
0:31 of 3rd period - Dainius Zubrus is hit by Dan Boyle and loses puck.
0:42 of 3rd period - Major Penalty to Brian Pothier for Checking from behind.
0:43 of 3rd period - Dainius Zubrus wins face-off versus Mike Modano in Capitals zone.
2:24 of 3rd period - Shot by Mike Modano.
2:24 of 3rd period - Stopped by Olaf Kolzig without a rebound.
2:25 of 3rd period - Dainius Zubrus wins face-off versus Vincent Lecavalier in Capitals zone.
3:47 of 3rd period - Icing by Ruslan Fedotenko.
3:48 of 3rd period - Dainius Zubrus wins face-off versus Mike Modano in Lightning zone.
4:41 of 3rd period - Shot by Filip Kuba.
4:41 of 3rd period - Shot Misses the Net.
5:10 of 3rd period - Shot by Dmitry Afanasenkov.
5:10 of 3rd period - Shot Blocked by Shaone Morrisonn.
5:44 of 3rd period - Icing by Brian Pothier.
5:45 of 3rd period - Ryan Craig wins face-off versus Andrew Cassels in Capitals zone.
5:45 of 3rd period - Eric Daze is hit by Trent Hunter and loses puck.
5:48 of 3rd period - Icing by Brian Pothier.
5:49 of 3rd period - Andrew Cassels wins face-off versus Ryan Craig in Capitals zone.
5:59 of 3rd period - Off-side.
6:00 of 3rd period - Ryan Craig wins face-off versus Andrew Cassels in neutral zone.
6:00 of 3rd period - Martin St-Louis is hit by Adrian Aucoin and loses puck.
7:41 of 3rd period - Rene Bourque is hit by Ed Jovanovski and loses puck.
7:52 of 3rd period - Minor Penalty to Vaclav Prospal for Clipping.
7:53 of 3rd period - Mike Modano wins face-off versus Patrik Stefan in Lightning zone.
7:59 of 3rd period - Icing by Adrian Aucoin.
8:00 of 3rd period - Patrik Stefan wins face-off versus Mike Modano in Capitals zone.
8:39 of 3rd period - Shot by Alexander Ovechkin.
8:39 of 3rd period - Stopped by Marc Denis without a rebound.
8:40 of 3rd period - Brian Sutherby wins face-off versus Mike Modano in Lightning zone.
9:48 of 3rd period - Icing by Adrian Aucoin.
9:49 of 3rd period - Vincent Lecavalier wins face-off versus Dainius Zubrus in Capitals zone.
10:09 of 3rd period - Icing by Nolan Pratt.
10:10 of 3rd period - Ryan Craig wins face-off versus Andrew Cassels in Lightning zone.
10:10 of 3rd period - Vaclav Prospal is hit by Bryan Muir and loses puck.
10:21 of 3rd period - Minor Penalty to Trent Hunter for Clipping.
10:22 of 3rd period - Patrik Stefan wins face-off versus Martin St-Louis in Capitals zone.
10:52 of 3rd period - Icing by Dan Boyle.
10:53 of 3rd period - Dainius Zubrus wins face-off versus Vincent Lecavalier in Lightning zone.
11:11 of 3rd period - Off-side.
11:12 of 3rd period - Mike Modano wins face-off versus Patrik Stefan in neutral zone.
11:23 of 3rd period - Shot by Mike Modano.
11:23 of 3rd period - Shot Misses the Net.
11:26 of 3rd period - Shot by Mike Modano.
11:26 of 3rd period - Shot Misses the Net.
12:09 of 3rd period - Shot by Brad Richards.
12:09 of 3rd period - Shot Misses the Net.
12:12 of 3rd period - Shot by Martin St-Louis.
12:12 of 3rd period - Shot Misses the Net.
12:20 of 3rd period - Icing by Dan Boyle.
12:21 of 3rd period - Andrew Cassels wins face-off versus Ryan Craig in Lightning zone.
12:46 of 3rd period - Shot by Dmitry Afanasenkov.
12:46 of 3rd period - Stopped by Olaf Kolzig with a rebound.
12:49 of 3rd period - Shot by Eric Daze.
12:49 of 3rd period - Shot Misses the Net.
12:50 of 3rd period - Shot by Nolan Pratt.
12:50 of 3rd period - Shot Misses the Net.
13:06 of 3rd period - Icing by Tom Poti.
13:07 of 3rd period - Ryan Craig wins face-off versus Dainius Zubrus in Lightning zone.
14:02 of 3rd period - Shot by Ruslan Fedotenko.
14:02 of 3rd period - Stopped by Olaf Kolzig without a rebound.
14:03 of 3rd period - Vincent Lecavalier wins face-off versus Trent Hunter in Capitals zone.
14:04 of 3rd period - Shot by Brad Richards.
14:04 of 3rd period - Stopped by Olaf Kolzig with a rebound.
14:05 of 3rd period - Shot by Filip Kuba.
14:05 of 3rd period - Stopped by Olaf Kolzig without a rebound.
14:06 of 3rd period - Patrik Stefan wins face-off versus Vincent Lecavalier in Capitals zone.
14:06 of 3rd period - Rene Bourque is hit by Martin St-Louis and loses puck.
14:33 of 3rd period - Patrik Stefan is hit by Filip Kuba and loses puck.
14:37 of 3rd period - Shot by Trent Hunter.
14:37 of 3rd period - Stopped by Marc Denis without a rebound.
14:38 of 3rd period - Brooks Laich wins face-off versus Mike Modano in Lightning zone.
15:16 of 3rd period - Icing by Ed Jovanovski.
15:17 of 3rd period - Mike Modano wins face-off versus Dainius Zubrus in Lightning zone.
15:19 of 3rd period - Icing by Ruslan Fedotenko.
15:20 of 3rd period - Mike Modano wins face-off versus Dainius Zubrus in Lightning zone.
15:57 of 3rd period - Shot by Vincent Lecavalier.
15:57 of 3rd period - Stopped by Olaf Kolzig without a rebound.
15:58 of 3rd period - Patrik Stefan wins face-off versus Ryan Craig in Capitals zone.
16:20 of 3rd period - Trent Hunter is hit by Ryan Craig and loses puck.
16:22 of 3rd period - Shot by Ben Clymer.
16:22 of 3rd period - Stopped by Marc Denis without a rebound.
16:23 of 3rd period - Vincent Lecavalier wins face-off versus Dainius Zubrus in Lightning zone.
16:48 of 3rd period - Shot by Vincent Lecavalier.
16:48 of 3rd period - Stopped by Olaf Kolzig with a rebound.
16:51 of 3rd period - Shot by Brad Richards.
16:51 of 3rd period - Shot Misses the Net.
16:52 of 3rd period - Shot by Filip Kuba.
16:52 of 3rd period - Shot Blocked by Adrian Aucoin.
16:53 of 3rd period - Shot by Dan Boyle.
16:53 of 3rd period - Shot Misses the Net.
16:54 of 3rd period - Shot by Filip Kuba.
16:54 of 3rd period - Stopped by Olaf Kolzig without a rebound.
16:55 of 3rd period - Ryan Craig wins face-off versus Patrik Stefan in Capitals zone.
16:56 of 3rd period - Shot by Eric Daze.
16:56 of 3rd period - Shot Misses the Net.
16:58 of 3rd period - Icing by Rene Bourque.
16:59 of 3rd period - Ryan Craig wins face-off versus Patrik Stefan in Capitals zone.
17:08 of 3rd period - Shot by Patrik Stefan.
17:08 of 3rd period - Stopped by Marc Denis with a rebound.
17:11 of 3rd period - Shot by Rene Bourque.
17:11 of 3rd period - Stopped by Marc Denis with a rebound.
17:12 of 3rd period - Shot by Shaone Morrisonn.
17:12 of 3rd period - Stopped by Marc Denis without a rebound.
17:13 of 3rd period - Mike Modano wins face-off versus Patrik Stefan in Lightning zone.
17:24 of 3rd period - Shot by Patrik Stefan.
17:24 of 3rd period - Stopped by Marc Denis with a rebound.
17:27 of 3rd period - Shot by Alexander Ovechkin.
17:27 of 3rd period - Shot Misses the Net.
17:28 of 3rd period - Shot by Steve Eminger.
17:28 of 3rd period - Shot Misses the Net.
17:31 of 3rd period - Shot by Chris Clark.
17:31 of 3rd period - Stopped by Marc Denis with a rebound.
17:34 of 3rd period - Shot by Alexander Ovechkin.
17:34 of 3rd period - Stopped by Marc Denis without a rebound.
17:35 of 3rd period - Andrew Cassels wins face-off versus Vincent Lecavalier in Lightning zone.
17:43 of 3rd period - Off-side.
17:44 of 3rd period - Patrik Stefan wins face-off versus Ryan Craig in neutral zone.
17:59 of 3rd period - Shot by Patrik Stefan.
17:59 of 3rd period - Shot Blocked by Tom Poti.
18:29 of 3rd period - Minor Penalty to Vincent Lecavalier for Charging.
18:30 of 3rd period - Brian Sutherby wins face-off versus Mike Modano in Lightning zone.
18:57 of 3rd period - Shot by Alexander Ovechkin.
18:57 of 3rd period - Shot Misses the Net.


Output by the SimonT Hockey Simulator (STHS) for Stephane Roy -- Original Page W3C XHTML 1.0 Valid